 Dungeon Crawl Stone Soup version 0.30-a0-782-ge64f9170bb (webtiles) character file.

Game seed: 8501331492521978732

2678 Lavandula the Carver (level 9, -2/63 HPs)
             Began as a Human Monk on Feb 19, 2023.
             Was a Believer of Elyvilon.
             Slain by an orc
             ... wielding a +0 hand axe
              (4 damage)
             ... in a bailey.
             The game lasted 00:11:38 (7538 turns).

Lavandula the Carver (Human Monk)                   Turns: 7538, Time: 00:11:39

Health: -2/63      AC: 14    Str: 16    XL:     9   Next: 95%
Magic:  11/11      EV:  7    Int: 11    God:    Elyvilon [**....]
Gold:   395        SH:  5    Dex: 15    Spells: 8/8 levels left

rFire   . . .      SeeInvis .    I - +4 falchion
rCold   . . .      Faith    .    D - +0 buckler
rNeg    . . .      Spirit   .    z - +0 chain mail {Will+}
rPois   .          Reflect  .    l - +0 helmet
rElec   .          Harm     .    (no cloak)
rCorr   .          Rampage  .    (no gloves)
Will    +....                    u - +0 pair of boots Stlth
                                 (no amulet)
HPRegen 0.30/turn                k - +4 ring of protection
MPRegen 0.12/turn                (no ring)

@: no status effects
A: no striking features
a: Renounce Religion, Purification, Heal Other


You were in a bailey.
You worshipped Elyvilon.
Elyvilon was pleased with you.
You visited 2 branches of the dungeon, and saw 10 of its levels.
You also visited: Bailey.

You collected 395 gold pieces.

Inventory:

Hand Weapons
 h - a +2 dagger of holy wrath
 I - a +4 falchion (weapon)
Missiles
 a - a curare-tipped dart
 e - 4 boomerangs
 y - 10 poisoned darts (quivered)
 N - a throwing net
Armour
 b - a +0 robe
 l - a +0 helmet (worn)
 u - a +0 pair of boots (worn)
 z - a +0 chain mail of willpower (worn)
 D - a +0 buckler (worn)
Jewellery
 k - a +4 ring of protection (left hand)
Wands
 o - a wand of light (1)
 E - a wand of mindburst (30)
 H - a wand of flame (25)
Scrolls
 n - a scroll of immolation
 q - a scroll of enchant weapon
 r - a scroll of vulnerability
 A - a scroll of amnesia {unknown}
 C - a scroll of silence {unknown}
 F - a scroll of poison {unknown}
 L - a scroll of butterflies {unknown}
Potions
 c - a potion of lignification {unknown}
 d - 4 potions of curing {unknown}
 f - a potion of might
 g - 2 potions of flight
 i - 3 potions of attraction {unknown}
 t - 2 potions of cancellation {unknown}
 v - a potion of haste {unknown}
 w - 4 potions of heal wounds {unknown}
 x - 2 potions of degeneration {unknown}
 B - a potion of resistance {unknown}
 G - a potion of ambrosia
 J - a potion of berserk rage {unknown}
 K - a potion of invisibility {unknown}


   Skills:
 - Level 3.0 Fighting
 - Level 8.1(9.8) Short Blades
 - Level 8.5(10.0) Long Blades
 - Level 3.0 Dodging
 - Level 2.0 Stealth
 - Level 4.3 Shields
 + Level 3.9 Invocations


You had 8 spell levels left.
You didn't know any spells.
Your spell library contained the following spells:

 Spells                   Type           Power      Damage    Failure   Level
 Beastly Appendage        Tmut           0%         N/A       100%        1
 Foxfire                  Conj/Fire      0%         2x1d4     100%        1
 Shock                    Conj/Air       0%         1d3       100%        1
 Kindle Blastsparks       Fire/Tloc/Air  0%         2d10      100%        3
 Tukima's Dance           Hex            0%         N/A       100%        3
 Fulminant Prism          Conj/Hex       0%         3d5       100%        4
 Iskenderun's Mystic Bla  Conj/Tloc      0%         2d3       100%        4
 Passage of Golubria      Tloc           0%         N/A       100%        4
 Lee's Rapid Deconstruct  Erth           0%         3d4*      100%        5
 Yara's Violent Unravell  Hex/Tmut       0%         3d3       100%        5


Dungeon Overview and Level Annotations

Branches:
Dungeon (9/15)             Temple (1/1) D:7            Lair (0/5) D:8
 Bailey (1/1)
    Orc: D:9-12

Altars:
Cheibriados
Dithmenos
Elyvilon
Fedhas
Gozag
Kikubaaqudgha
Makhleb
Nemelex Xobeh
Okawaru
Qazlal
Ru
Trog
Uskayaw
Vehumet
Wu Jian
Xom
The Shining One

Annotations:
D:5 Sigmund
D:7 Pikel
Temple 2 transporters


Message History

The orc warrior is engulfed in a cloud of scalding steam.
You closely miss the orc warrior.
The orc warrior is heavily wounded.
The orc warrior hits you with a +0 war axe.
You hit the orc warrior.
The orc warrior is heavily wounded.
The goblin is engulfed in a cloud of scalding steam.
You kill the goblin!
The orc warrior hits you but does no damage.
You hit the orc warrior.
The orc warrior is heavily wounded.
The orc warrior hits you with a +0 war axe.
You slash the orc warrior!
The orc warrior is almost dead.
You barely miss the orc warrior.
The orc warrior is almost dead.
You closely miss the orc warrior.
The orc warrior is almost dead.
The sentinel's mark upon you fades away.
You block the orc warrior's attack.
The kobold throws a boomerang.
The boomerang hits you but does no damage.
The kobold throws a boomerang.
The boomerang hits you but does no damage.
You barely miss the orc warrior.
The orc warrior is almost dead.
The orc warrior hits you with a +0 war axe.
You slash the orc warrior!
You kill the orc warrior!
The orc warrior closely misses you.
You hit the orc warrior but do no damage.
The orc warrior is almost dead.
The orc closely misses you.
The orc warrior hits you with a +0 war axe!
* * * LOW HITPOINT WARNING * * *
You hit the orc warrior.
The orc warrior is almost dead.
The orc warrior hits you with a +0 war axe!
* * * LOW HITPOINT WARNING * * *
The orc hits you with a +0 hand axe.
You die...

##.........#'##
#.....⌠....#o.#
#.......###).#
###.....#)'..##
#####..†.).###..K.
≈≈≈≈≈≈≈K†og..#..####+###
##≈≈≈≈≈≈≈K≈≈.####.......
###...oo≈≈≈≈≈≈K#.og[...
##..@)..≈≈≈≈≈########
##.......~≈≈≈≈≈≈≈≈≈≈
###.........≈≈≈≈≈≈≈
####.............
####......∩..#
###.......# ####.....
####.. ##.


You could see an orc warrior, 2 orcs, a goblin and 2 kobolds.

Vanquished Creatures
  Duvessa (D:7)
  A water moccasin (D:7)
  5 orc warriors
  A sky beast (D:4)
  An ogre (D:5)
  A centaur (D:5)
  A phantom (D:6)
  A lemure (D:6)
  A kobold brigand (D:7)
  3 bullfrogs
  3 scorpions
  A necrophage (D:7)
  4 wights (D:9)
  Dowan (D:7)
  2 howler monkeys
  2 jellies (D:4)
  8 hounds
  4 orc priests
  Jessica (D:2)
  3 iguanas
  3 orc wizards
  7 adders
  A shadow imp (D:6)
  3 white imps (D:6)
  2 ufetubi (D:6)
  2 worms (D:3)
  3 dart slugs
  33 orcs
  6 ball pythons
  7 bats
  5 endoplasms
  3 giant cockroaches
  8 goblins
  4 hobgoblins
  A jackal (D:2)
  3 quokkas
  4 frilled lizards
  20 kobolds
  7 rats
  A spectral kobold (D:3)
168 creatures vanquished.

Notes
Turn   | Place    | Note
-------+----------+-------------------------------------------
     0 | D:1      | Lavandula the Human Monk began the quest for the Orb.
     0 | D:1      | Reached XP level 1. HP: 18/18 MP: 1/1
   165 | D:1      | Reached XP level 2. HP: 24/24 MP: 2/2
   398 | D:1      | Reached XP level 3. HP: 29/29 MP: 3/3
   942 | D:2      | Noticed Jessica
   952 | D:2      | Killed Jessica
   953 | D:2      | Reached skill level 1 in Short Blades
   953 | D:2      | Reached XP level 4. HP: 15/35 MP: 4/4
  1307 | D:2      | Reached XP level 5. HP: 23/41 MP: 5/5
  1930 | D:3      | Got First Steps in Spellcraft
  1990 | D:3      | Found a faded altar of an unknown god.
  2588 | D:3      | Reached XP level 6. HP: 47/47 MP: 6/6
  3023 | D:4      | Reached skill level 5 in Short Blades
  3270 | D:4      | Noticed a sky beast
  3302 | D:4      | Killed a sky beast
  3303 | D:4      | Reached XP level 7. HP: 9/52 MP: 7/7
  4347 | D:5      | Entered Level 5 of the Dungeon
  4583 | D:5      | Reached XP level 8. HP: 48/58 MP: 8/8
  4971 | D:5      | Reached skill level 1 in Shields
  5000 | D:5      | Noticed Sigmund
  5180 | D:6      | Found a radiant altar of Vehumet.
  5474 | D:6      | Found a sparkling altar of Nemelex Xobeh.
  5872 | D:6      | Reached skill level 5 in Long Blades
  5872 | D:6      | Reached XP level 9. HP: 56/63 MP: 9/9
  6007 | D:6      | Found a bloodstained altar of Trog.
  6008 | D:6      | Found an ornate altar of the Wu Jian Council.
  6009 | D:6      | Found a blossoming altar of Fedhas.
  6010 | D:6      | Found a stormy altar of Qazlal.
  6012 | D:6      | Found a glowing golden altar of the Shining One.
  6189 | D:7      | Noticed Pikel
  6453 | D:7      | Found a staircase to the Ecumenical Temple.
  6453 | D:7      | Noticed Dowan
  6454 | D:7      | Noticed Duvessa
  6475 | D:7      | Killed Duvessa
  6478 | D:7      | Killed Dowan
  6494 | Temple   | Entered the Ecumenical Temple
  6494 | Temple   | Found a transporter.
  6494 | Temple   | Found a transporter.
  6522 | Temple   | Found a transporter.
  6522 | Temple   | Found a transporter.
  6532 | Temple   | Became a worshipper of Elyvilon the Healer
  6532 | Temple   | Reached * piety under Elyvilon
  6532 | Temple   | Reached ** piety under Elyvilon
  6764 | D:7      | You fall into a shaft and drop 2 floors!
  7038 | D:9      | Found an ancient bone altar of Kikubaaqudgha.
  7328 | D:8      | Found a flagged portal.
  7341 | Bailey   | Entered a bailey
  7510 | Bailey   | Reached skill level 1 in Invocations
  7538 | Bailey   | HP: 2/63 [orc warrior/+0 war axe (14)]
  7538 | Bailey   | Slain by an orc

Illustrated notes

Levels and vault maps discovered:
D:1:      tarquinn_simple_flora_water_a, layout_basic, minmay_misc_feat_encased,
          minmay_misc_feat_columns, minmay_quantized
D:2:      minmay_razor_zed, layout_loops_ring, uniq_jessica
D:3:      layout_rooms, dreamdust_ecumenical_altar_drowned_temple,
          small_statue_alley_b
D:4:      layout_basic, grunt_decor_fettered
D:5:      layout_loops_corners, lemuel_round_altar, serial_shops,
          kennysheep_little_box, dk_vineyard_2, minmay_bent, uniq_sigmund
D:6:      layout_basic, vehumet_altar_wand_db, minitemple
D:7:      layout_loops_ring, minmay_temple_entry_nine_rooms, uniq_duvessa,
          uniq_joseph, uniq_pikel
D:8:      layout_rooms, nicolae_overflow_crystal_walls, dpeg_lair_monsters,
          enter_bailey_2, nicolae_zen_rock_garden, uniq_gastronok
D:9:      layout_roguey, nicolae_overflow_hidden_temple, serial_curves,
          eino_curves_03, eino_curves_03, onia_ninara_cookie
Temple:   hellmonk_temple_divided_pantheon
Bailey:   bailey_axe_4, bailey

Skill      XL: |  1  2  3  4  5  6  7  8  9 |
---------------+----------------------------+-----
Long Blades    | 4 5 8 |  8.5
Short Blades   | 1 2 4 5 7 8 |  8.1
Shields        | 4 |  4.3
Invocations    | 3 |  3.9
Fighting       | |  3.0
Dodging        | |  3.0
Stealth        | |  2.0

Action                     |  1- 3 |  4- 6 |  7- 9 || total
---------------------------+-------+-------+-------++-------
  Melee: Falchion          |    64 |       |   197 ||   261
         Dagger            |       |   237 |   335 ||   572
         Punch             |       |     2 |     1 ||     3
  Throw: Dart              |       |       |     4 ||     4
  Evoke: Wand              |       |     3 |     9 ||    12
    Use: Potion            |       |     3 |       ||     3
         Scroll            |       |       |     9 ||     9
   Stab: Sleeping          |     4 |     6 |       ||    10
         Invisible         |       |       |     3 ||     3
 Armour: Robe              |    10 |    36 |    11 ||    57
         Chain mail        |       |       |   213 ||   213
  Dodge: Dodged            |    44 |   107 |   141 ||   292
  Block: Buckler           |       |       |    64 ||    64

Table legend: (Time is in decaauts)
 A = Elapsed time spent in this place.
 B = Non-inter-level travel time spent in this place.
 C = Inter-level travel time spent in this place.
 D = Time resting spent in this place.
 E = Time spent auto-exploring this place.
 F = Levels seen in this place.
 G = Mean time per level.
                   A        B        C        D        E       F      G
               +--------+--------+--------+--------+--------+-----+--------+
         Total |   7348 |   7171 |    177 |    535 |   5084 |  11 |  668.0 |
       Dungeon |   7101 |   6933 |    168 |    449 |   5049 |   9 |  789.0 |
        Temple |     52 |     43 |      9 |      0 |     27 |   1 |   52.0 |
        Bailey |    194 |    194 |      0 |     86 |      8 |   1 |  194.0 |
               +--------+--------+--------+--------+--------+-----+--------+

Top non-repeatable levels by time:
     D:4: 1652 daAuts
     D:6: 1157 daAuts
     D:2: 995 daAuts
     D:3: 825 daAuts
     D:1: 798 daAuts
     D:5: 638 daAuts
     D:9: 493 daAuts
     D:7: 465 daAuts
  Bailey: 194 daAuts
     D:8: 74 daAuts
  Temple: 52 daAuts
